 Dungeon Crawl Stone Soup version 0.27.1-2-g3b301248ec (webtiles) character file.

Game seed: 7075497485410191789

470 Metae the Skirmisher (level 7, -8/61 HPs)
             Began as a Hill Orc Fighter on Sept 28, 2021.
             Was an Initiate of Beogh.
             Blown up by Ijyb (29 damage)
             ... with a mindburst bolt
             ... on level 4 of the Dungeon.
             The game lasted 00:11:37 (4677 turns).

Metae the Skirmisher (Hill Orc Fighter)             Turns: 4677, Time: 00:11:38

Health: -8/61      AC: 11    Str: 21    XL:     7   Next: 9%
Magic:  8/8        EV:  5    Int:  8    God:    Beogh [......]
Gold:   290        SH: 10    Dex: 10    Spells: 6/6 levels left

rFire    . . .     SeeInvis .   a - +0 war axe
rCold    . . .     Faith    +   c - +0 kite shield
rNeg     . . .     Spirit   .   p - +0 chain mail
rPois    .         Reflect  .   (no helmet)
rElec    .         Harm     .   (no cloak)
rCorr    .         Rampage  .   j - +0 pair of gloves
Will     .....                  (no boots)
Stlth    ..........             n - amulet of faith
HPRegen  0.20/turn              (no ring)
MPRegen  0.11/turn              (no ring)

@: no status effects
A: no striking features
a: Renounce Religion


You were on level 4 of the Dungeon.
You worshipped Beogh.
Beogh was noncommittal.
You visited 1 branch of the dungeon, and saw 5 of its levels.

You collected 290 gold pieces.

Inventory:

Hand Weapons
 a - a +0 war axe (weapon)
Armour
 b - a +0 scale mail
 c - a +0 kite shield (worn)
 j - a +0 pair of gloves (worn)
 p - a +0 chain mail (worn)
Jewellery
 k - a ring of magical power
 l - an amulet of the acrobat
 n - an amulet of faith (around neck)
Scrolls
 e - a scroll of blinking {unknown}
 g - a scroll of noise {unknown}
 i - 3 scrolls of identify {unknown}
 o - a scroll of fog {unknown}
 q - a scroll of magic mapping {unknown}
 r - a scroll of enchant weapon {unknown}
Potions
 d - a potion of might
 f - a potion of brilliance {unknown}
 h - 2 potions of magic {unknown}
 m - 3 potions of flight {unknown}
 s - a potion of berserk rage {unknown}


   Skills:
 + Level 5.4 Fighting
 + Level 5.2 Axes
 + Level 4.9 Armour
 + Level 4.9 Shields
 + Level 2.5 Invocations


You had 6 spell levels left.
You didn't know any spells.
Your spell library contained the following spells:

 Spells                   Type           Power      Damage    Failure   Level
 Magic Dart               Conj           0%         1d3       100%        1
 Searing Ray              Conj           0%         3d3       100%        2
 Fulminant Prism          Conj/Hex       0%         3d6       100%        4


Dungeon Overview and Level Annotations

Branches:
Dungeon (5/15)
 Temple: D:4-7

Altars:
Makhleb
Sif Muna
Zin
Beogh

Annotations:
D:4 Ijyb


Message History

Done exploring.
Done exploring.
There is a stone staircase leading down here.
You climb downwards.
The ogre shouts!
Found a black potion.
There is a stone staircase leading up here.
You block Ijyb's attack.
You climb upwards.
There is a stone staircase leading down here.
You hit Ijyb but do no damage. You block Ijyb's attack.
You completely miss Ijyb. You block Ijyb's attack.
You slash Ijyb!
Ijyb is heavily wounded.
Ijyb hits you but does no damage. Ijyb hits you with a +0 club.
You closely miss Ijyb.
Ijyb is heavily wounded.
Ijyb closely misses you.
You closely miss Ijyb.
Ijyb is heavily wounded.
Ijyb zaps a wand.
Your mind is blasted!
Ijyb hits you but does no damage.
You barely miss Ijyb.
Ijyb is heavily wounded.
Ijyb hits you but does no damage.
You hit Ijyb.
Ijyb is severely wounded.
Ijyb zaps a wand.
Your mind is blasted!
Ijyb hits you but does no damage.
Your chain mail prevents you from hitting Ijyb.
Ijyb is severely wounded.
Ijyb zaps a wand.
You struggle to resist.
You hit Ijyb.
Ijyb is severely wounded.
Ijyb hits you with a +0 club. x2
You hit Ijyb.
Ijyb is almost dead.
Ijyb zaps a wand.
Your mind is blasted!
Your chain mail prevents you from hitting Ijyb.
Ijyb is almost dead.
Ijyb zaps a wand.
Your mind is blasted!
You die...

#...........'.....
#...........######
#.########### #.#
### #.# ###≈#
#.###≈.≈# #####
#.##..≈≈# ###....
#.#....≈####......
#@g....≈...#....#.
#.###..≈#..#...†#.
#.#....≈#..#....#.
#......##..##...#.
###.#..##...#.###.
#.#..##..(###...
#....##.........
#####...............
#......####.########


You could see Ijyb.

Vanquished Creatures
  A necrophage (D:4)
  A water moccasin skeleton (D:4)
  2 hounds (D:4)
  4 iguanas (D:4)
  3 adders (D:2)
  6 gnolls (D:3)
  3 worms
  4 dart slugs
  5 ball pythons
  9 endoplasms
  5 giant cockroaches
  2 goblins
  6 hobgoblins
  4 quokkas
  4 bats
  15 frilled lizards
  5 kobolds
  6 rats
85 creatures vanquished.

Vanquished Creatures (others)
  7 fungi (D:2)
  6 plants (D:4)
  5 toadstools (D:2)
18 creatures vanquished.

Grand Total: 103 creatures vanquished

Notes
Turn   | Place    | Note
-------+----------+-------------------------------------------
     0 | D:1      | Metae the Hill Orc Fighter began the quest for the Orb.
     0 | D:1      | Reached XP level 1. HP: 19/19 MP: 1/1
   197 | D:1      | Reached XP level 2. HP: 23/27 MP: 2/2
   282 | D:1      | Found a faded altar of an unknown god.
   545 | D:1      | Reached XP level 3. HP: 30/33 MP: 3/3
  1128 | D:2      | Found a shimmering blue altar of Sif Muna.
  1144 | D:2      | Reached XP level 4. HP: 20/40 MP: 4/4
  1745 | D:3      | Found a burning altar of Makhleb.
  1864 | D:3      | Found a glowing silver altar of Zin.
  2236 | D:3      | Reached XP level 5. HP: 24/47 MP: 5/5
  2902 | D:3      | Found a roughly hewn altar of Beogh.
  2903 | D:3      | Became a worshipper of Beogh the Brigand
  3271 | D:4      | Reached skill level 1 in Invocations
  3271 | D:4      | Reached XP level 6. HP: 28/55 MP: 6/6
  3627 | D:4      | Reached skill level 5 in Fighting
  3793 | D:4      | Noticed a necrophage
  3801 | D:4      | Killed a necrophage
  3802 | D:4      | Reached skill level 5 in Axes
  4001 | D:4      | Reached XP level 7. HP: 54/61 MP: 8/8
  4067 | D:4      | Reached * piety under Beogh
  4664 | D:5      | Entered Level 5 of the Dungeon
  4664 | D:5      | Noticed Ijyb
  4677 | D:4      | Blown up by Ijyb

Illustrated notes

Levels and vault maps discovered:
D:1:      minmay_arrival_four_houses, layout_basic,
          chequers_ecumenical_altar_simple_redux
D:2:      layout_basic, basic_altar, minmay_gold_behind_fungi,
          kennysheep_generic_room_15
D:3:      layout_loops_ring, bloody_makhleb, zin_statuary, kennysheep_orc_chapel
D:4:      layout_basic, serial_rivers, chequers_serial_rivers_large_b,
          chequers_serial_rivers_micro_e, chequers_serial_rivers_small_3,
          chequers_serial_rivers_micro_a, minmay_lizard_king
D:5:      layout_gridville, nicolae_qazlal_style_of_elements,
          mainiacjoe_overflow_tiny_flanked, uniq_ijyb

Skill      XL: |  1  2  3  4  5  6 |
---------------+-------------------+-----
Axes           | 3 4 5 |  5.2
Fighting       | 4 5 |  5.4
Shields        | 4 |  4.9
Armour         | 4 |  4.9
Invocations    | 1 2 |  2.5

Action                   |  1- 3 |  4- 6 |  7- 9 || total
-------------------------+-------+-------+-------++-------
Melee: War axe           |   100 |   125 |    16 ||   241
Invok: Convert to Beogh  |       |     1 |       ||     1
Armor: Scale mail        |    53 |    49 |       ||   102
       Chain mail        |       |    24 |     6 ||    30
Dodge: Dodged            |    34 |    50 |     1 ||    85
Block: Kite shield       |    63 |    70 |     4 ||   137
